 Dungeon Crawl Stone Soup version 0.31-a0-115-g4708a659fe (webtiles) character file.

Game seed: 3626441231480534504

6293 Gargoyl the Cleaver (level 10, -41/96 HPs)
             Began as a Gargoyle Berserker on May 29, 2023.
             Was a Believer of Trog.
             Annihilated by an enormous slime creature (68 damage)
             ... on level 8 of the Dungeon.
             The game lasted 00:11:01 (7654 turns).

Gargoyl the Cleaver (Gargoyle Berserker)            Turns: 7654, Time: 00:11:02

Health: -41/96     AC: 22    Str: 27    XL:     10   Next: 94%
Magic:  10/10      EV: 13    Int:  8    God:    Trog [**....]
Gold:   437        SH:  5    Dex: 13    Spells: 9/9 levels left

rFire   . . .        a - +2 hand axe
rCold   . . .        (no shield)
rNeg    + . .        m - +0 ring mail
rPois   ∞            w - +2 helmet
rElec   +            g - +0 cloak
rCorr   .            b - +1 pair of gloves
SInv    .            n - +1 pair of boots
Will    .....        j - amulet of reflection Stlth
                     d - +4 ring of slaying
HPRegen 0.36/turn    q - +6 ring of strength
MPRegen 0.12/turn

%: reflection
@: berserking (expiring), very quick
A: sickness immunity, AC +7, negative energy resistance 1, electricity
resistance, torment resistance 1, petrification resistance
a: Renounce Religion, Berserk, Trog's Hand


You were on level 8 of the Dungeon.
You worshipped Trog.
Trog was pleased with you.
You visited 1 branch of the dungeon, and saw 8 of its levels.

You collected 437 gold pieces.

Inventory:

Hand Weapons
 a - a +2 hand axe (weapon)
 v - a +0 war axe
 y - a +2 whip of distortion
Missiles
 A - 13 curare-tipped darts (quivered)
 D - 27 poisoned darts
Armour
 b - a +1 pair of gloves (worn)
 g - a +0 cloak (worn)
 m - a +0 ring mail (worn)
 n - a +1 pair of boots (worn)
 w - a +2 helmet (worn)
Jewellery
 d - a +4 ring of slaying (left hand)
 j - an amulet of reflection (around neck)
 q - a +6 ring of strength (right hand)
Wands
 s - a wand of charming (10)
 u - a wand of roots (2)
 B - a wand of quicksilver (9)
 C - a wand of mindburst (13)
Scrolls
 e - a scroll of teleportation
 t - a scroll of amnesia {unknown}
 E - 2 scrolls of enchant armour
 F - a scroll of poison {unknown}
 G - 3 scrolls of brand weapon {unknown}
Potions
 c - 2 potions of curing
 f - a potion of invisibility {unknown}
 h - 2 potions of enlightenment {unknown}
 k - a potion of heal wounds {unknown}
 l - 3 potions of resistance {unknown}
 o - 4 potions of lignification {unknown}
 p - 2 potions of degeneration {unknown}
 r - 2 potions of magic {unknown}
 x - a potion of might {unknown}
 z - 2 potions of ambrosia {unknown}


   Skills:
 + Level 8.2 Fighting
 + Level 10.8 Axes
 + Level 6.1 Armour
 + Level 5.2 Dodging
 + Level 2.5 Stealth
 + Level 4.1 Shields
 + Level 0.1 Evocations


You had 9 spell levels left.
You didn't know any spells.
Your spell library was empty.

Dungeon Overview and Level Annotations

Branches:
Dungeon (8/15)             Temple (0/1) D:5            Lair (0/5) D:8

Altars:
Fedhas
Makhleb
Okawaru
Qazlal
Sif Muna
Uskayaw
Wu Jian
Yredelemnul
Jiyva

Shops:
D:4 =   D:6 =


Innate Abilities, Weirdness & Mutations

You are immune to sickness and miasma.
Your stone body is resilient. (AC +7)
You are immune to poison.
You resist negative energy. (rN+)
You are resistant to electric shocks. (rElec)
You are resistant to unholy torment.
You are immune to petrification.


Message History

The large slime creature hits you!
Two slime creatures merge to form a large slime creature.
Unknown command.
You slash the enormous slime creature!
The enormous slime creature is moderately wounded.
You barely miss the large slime creature.
You slash the large slime creature!
The enormous slime creature barely misses you.
You slash the enormous slime creature!
The enormous slime creature is moderately wounded.
You slash the large slime creature! x2
The large slime creature barely misses you.
You slash the enormous slime creature!
The enormous slime creature is moderately wounded.
You slash the large slime creature! x2
The enormous slime creature hits you but does no damage.
You slash the enormous slime creature!
The enormous slime creature is moderately wounded.
You slash the large slime creature! x2; The large slime creature hits you!!
* * * LOW HITPOINT WARNING * * *
The large slime creature hits you but does no damage.
Unknown command.
You slash the enormous slime creature! You punch the enormous slime creature.
The enormous slime creature is heavily wounded.
You slash the large slime creature!
You barely miss the large slime creature.
The enormous slime creature hits you but does no damage.
Unknown command.
You slice the enormous slime creature!!
The enormous slime creature is heavily wounded.
You hit the large slime creature. You slash the large slime creature!
Your skin stops crawling.
You feel less strong-willed.
The large slime creature barely misses you. x2
Unknown command.
You hit the enormous slime creature.
The enormous slime creature is heavily wounded.
You hit the large slime creature. You slash the large slime creature!
The enormous slime creature hits you!!!
Ouch! That really hurt!
You die...

#.# #.###.#.#.#.# #.#
###.......#.#.### #.#
#..©..##..#...##. #.#
########..#.###.. #.#
##[###J##.........
#.###.=#.#..########..
#.##:......$©#######..
#.####J....###.[..()..
#.# #@J._..$##........
#.####J....###.#######
#.[#.........#..#
##.##..#.#..##..#
#.###.###.###..# #.#
####### #..# #.#
#..©..###..# #.#
###.....#..# #.#
#####.#..#


You could see an enormous slime creature and 2 large slime creatures.

Vanquished Creatures
  A two-headed ogre (D:8)
  The ghost of dazzle the Spear-Bearer, a novice OgMo (D:6)
  The ghost of FelidPro the Zephyrmancer, a novice OpAE of Gozag (D:7)
  A glowing orange brain (D:8)
  Pikel (D:4)
  An elephant (D:8)
  A hornet (D:7)
  Prince Ribbit (D:7)
  Sigmund (D:2)
  A basilisk (D:8)
  A yak (D:8)
  2 water moccasins (D:8)
  An ice beast (D:7)
  2 sky beasts
  An ogre (D:6)
  A black bear (D:8)
  A centaur (D:6)
  4 lemures (D:4)
  10 kobold brigands (D:7)
  3 bullfrogs
  2 scorpions
  An electric eel (D:6)
  A howler monkey (D:7)
  2 hounds
  3 jellies
  3 orc priests
  A gnoll bouda (D:7)
  A sleepcap (D:5)
  Jessica (D:2)
  6 orc wizards
  Ijyb (D:5)
  4 iguanas
  Robin (D:2)
  3 gnolls (D:7)
  10 adders
  A shadow imp (D:4)
  A white imp (D:7)
  An ufetubus (D:6)
  4 dart slugs
  16 orcs
  9 bats
  8 endoplasms
  2 giant cockroaches
  10 goblins
  9 hobgoblins
  3 jackals (D:2)
  7 kobolds
  3 quokkas
  12 ball pythons
  5 frilled lizards
  4 rats
  A spectral orc (D:3)
172 creatures vanquished.

Vanquished Creatures (others)
  An adder (D:6)
  An orc (D:4)
2 creatures vanquished.

Grand Total: 174 creatures vanquished

Notes
Turn   | Place    | Note
-------+----------+-------------------------------------------
     0 | D:1      | Gargoyl the Gargoyle Berserker began the quest for the Orb.
     0 | D:1      | Reached XP level 1. HP: 14/14 MP: 1/1
   130 | D:1      | Reached XP level 2. HP: 5/19 MP: 2/2
   223 | D:1      | Reached skill level 3 in Axes
   819 | D:2      | Noticed Jessica
   824 | D:1      | Reached XP level 3. HP: 24/24 MP: 3/3
   831 | D:2      | Killed Jessica
   917 | D:2      | Noticed Robin
   926 | D:2      | Reached XP level 4. HP: 29/29 MP: 4/4
   938 | D:2      | Killed Robin
   938 | D:2      | Reached ** piety under Trog
  1024 | D:2      | Noticed a scorpion
  1036 | D:2      | Killed a scorpion
  1037 | D:2      | Reached skill level 4 in Axes
  1037 | D:2      | Reached XP level 5. HP: 34/34 MP: 5/5
  1298 | D:2      | Noticed Sigmund
  1307 | D:2      | Killed Sigmund
  1308 | D:2      | Reached skill level 5 in Axes
  1308 | D:2      | Reached skill level 1 in Stealth
  1308 | D:2      | Reached XP level 6. HP: 39/39 MP: 6/6
  1515 | D:3      | Found an ornate altar of the Wu Jian Council.
  2205 | D:3      | Found a basalt altar of Yredelemnul.
  2430 | D:4      | Reached skill level 1 in Shields
  2432 | D:4      | Reached XP level 7. HP: 44/44 MP: 7/7
  2680 | D:4      | Found Amikawn's Jewellery Shoppe.
  2693 | D:4      | Noticed Pikel
  2716 | D:4      | Killed Pikel
  2717 | D:4      | Reached skill level 5 in Fighting
  2717 | D:4      | Reached skill level 6 in Axes
  2717 | D:4      | Reached XP level 8. HP: 37/49 MP: 8/8
  3299 | D:5      | Entered Level 5 of the Dungeon
  3557 | D:5      | Found a staircase to the Ecumenical Temple.
  3638 | D:5      | Noticed Ijyb
  3648 | D:5      | Killed Ijyb
  3724 | D:5      | Found a burning altar of Makhleb.
  3724 | D:5      | Found a faded altar of an unknown god.
  3731 | D:5      | Found an iron altar of Okawaru.
  3734 | D:5      | Found a hide-covered altar of Uskayaw.
  3736 | D:5      | Found a faded altar of an unknown god.
  3840 | D:5      | Found a shimmering blue altar of Sif Muna.
  4139 | D:5      | Found a stormy altar of Qazlal.
  4379 | D:6      | Found Tuc Tax's Jewellery Shop.
  4641 | D:6      | Reached skill level 7 in Axes
  4657 | D:6      | Found a runed translucent door.
  4660 | D:6      | Noticed dazzle's ghost (novice OgMo)
  5084 | D:6      | Reached *** piety under Trog
  5234 | D:6      | Reached XP level 9. HP: 55/55 MP: 9/9
  5249 | D:6      | Killed dazzle's ghost
  5250 | D:6      | Reached skill level 8 in Axes
  5250 | D:6      | Reached skill level 5 in Armour
  5360 | D:7      | Noticed a hornet
  5361 | D:7      | Noticed Prince Ribbit
  5369 | D:7      | Killed Prince Ribbit
  5374 | D:7      | Killed a hornet
  5430 | D:7      | Found a blossoming altar of Fedhas.
  6109 | D:7      | Found a runed translucent gate.
  6109 | D:7      | Found a runed translucent gate.
  6109 | D:7      | Found a runed translucent gate.
  6111 | D:7      | Noticed FelidPro's ghost (novice OpAE)
  6306 | D:7      | Reached skill level 9 in Axes
  6381 | D:7      | Reached XP level 10. HP: 63/63 MP: 10/10
  6791 | D:7      | Killed FelidPro's ghost
  6822 | D:8      | Noticed a two-headed ogre
  6835 | D:8      | Killed a two-headed ogre
  6836 | D:8      | Reached skill level 10 in Axes
  6836 | D:8      | Reached skill level 5 in Dodging
  6937 | D:8      | Identified the +2 leather armour "Irept" {*Slow rPois Dex+4
                  | SInv}
  6947 | D:8      | Found a transporter.
  7024 | D:8      | Noticed an elephant
  7025 | D:8      | Found a staircase to the Lair.
  7056 | D:8      | Killed an elephant
  7462 | D:8      | Found a viscous altar of Jiyva.
  7522 | D:8      | Noticed a glowing orange brain
  7524 | D:8      | Found a transporter.
  7544 | D:8      | Killed a glowing orange brain
  7654 | D:8      | Annihilated by an enormous slime creature

Illustrated notes

Levels and vault maps discovered:
D:1:      dpeg_arrival_renting, layout_basic
D:2:      layout_rooms, uniq_sigmund, uniq_robin, uniq_jessica
D:3:      minmay_recursive_quarters, layout_basic,
          yredelemnul_forgotten_temple_becter, lemuel_tele_altar,
          bh_walls_and_bars
D:4:      layout_loops_ring, serial_shops, nicolae_shop_peninsula,
          mrwooster_statue_mirror, uniq_pikel
D:5:      layout_cave_pods, led_sif_pool, nicolae_qazlal_eye_of_the_storm,
          chequers_temple_overflow_minitemple, minmay_temple_entry_stoned_glass,
          uniq_ijyb
D:6:      cheibrodos_helix_gallery, layout_loops_ring, serial_shops,
          nicolae_shop_gaudy_bauble, ebering_ghost_sewer_d, enter_ossuary_1
D:7:      layout_loops_ring, kennysheep_mini, gammafunk_ghost_nasty_kobolds,
          hangedman_decor_push, nicolae_nh_ransacked_shop, uniq_prince_ribbit1
D:8:      gammafunk_jiyva_shrine, layout_loops_ring, david_lair_generic

Skill      XL: |  1  2  3  4  5  6  7  8  9 10 |
---------------+-------------------------------+-----
Axes           | 3 4 5 6 7 9 10 | 10.8
Fighting       | 4 5 6 7 8 |  8.2
Dodging        | 2 3 4 5 |  5.2
Stealth        | 1 2 |  2.5
Shields        | 1 2 3 4 |  4.1
Armour         | 3 4 5 6 |  6.1
Evocations     | |  0.1

Action                     |  1- 3 |  4- 6 |  7- 9 | 10-12 || total
---------------------------+-------+-------+-------+-------++-------
  Melee: Hand axe          |    85 |   152 |   396 |   146 ||   779
         Punch             |     1 |     4 |     5 |     4 ||    14
 Invoke: Berserk           |     2 |     3 |     7 |     6 ||    18
         Trog's Hand       |       |     1 |     6 |     3 ||    10
  Evoke: Wand              |       |     1 |       |       ||     1
    Use: Scroll            |       |     9 |     3 |     4 ||    16
         Potion            |       |       |       |     1 ||     1
 Armour: Animal skin       |    42 |    11 |       |       ||    53
         Ring mail         |       |    57 |   200 |    45 ||   302
  Dodge: Dodged            |    65 |    89 |   134 |    56 ||   344
  Block: Other             |       |    30 |    53 |    17 ||   100
         Reflection        |       |     1 |       |     2 ||     3

Table legend: (Time is in decaauts)
 A = Elapsed time spent in this place.
 B = Non-inter-level travel time spent in this place.
 C = Inter-level travel time spent in this place.
 D = Time resting spent in this place.
 E = Time spent auto-exploring this place.
 F = Levels seen in this place.
 G = Mean time per level.
                   A        B        C        D        E       F      G
               +--------+--------+--------+--------+--------+-----+--------+
         Total |   7754 |   7496 |    258 |    369 |   5331 |   8 |  969.2 |
       Dungeon |   7754 |   7496 |    258 |    369 |   5331 |   8 |  969.2 |
               +--------+--------+--------+--------+--------+-----+--------+

Top non-repeatable levels by time:
     D:7: 1532 daAuts
     D:3: 1041 daAuts
     D:5: 1012 daAuts
     D:6: 999 daAuts
     D:4: 911 daAuts
     D:1: 835 daAuts
     D:8: 835 daAuts
     D:2: 587 daAuts
